 Dungeon Crawl Stone Soup version 0.18-a0-1435-gee79d65 (webtiles) character file.

1843 4thArraOfDagon the Cudgeler (level 8, -8/60 HPs)
             Began as a Mummy Venom Mage on Feb 28, 2016.
             Was an Elder of Cheibriados.
             Mangled by a hill giant
             ... wielding a +0 giant spiked club
              (15 damage)
             ... on level 11 of the Dungeon.
             The game lasted 00:19:31 (3436 turns).

4thArraOfDagon the Cudgeler (Mummy Venom Mage)      Turns: 3436, Time: 00:19:32

Health: -8/60      AC: 20    Str: 24    XL:     8   Next: 87%
Magic:  0/11       EV: 14    Int: 26    God:    Cheibriados [****..]
Gold:   142        SH:  0    Dex: 23    Spells: 2 memorised, 7 levels left

rFire  x . .     SeeInvis +     m - +0 morningstar (protect)
rCold  + . .     Gourm    .     c - +5 ring mail of Keax {*Contam rPois SInv}
rNeg   + + +     Faith    .     (no shield)
rPois  ∞         Spirit   .     (no helmet)
rElec  .         Dismiss  .     (no cloak)
rCorr  .         Reflect  .     f - +2 pair of gloves
SustAt .         Harm     .     t - +0 pair of boots
MR     ++...                    (no amulet)
Stlth  ++........               n - +3 ring of strength
                                o - ring of protection from magic

@: about to teleport, very slow, very resistant to hostile enchantments,
unstealthy
A: no food or potions, fire vulnerability, cold resistance 1, negative energy
resistance 3, torment resistance, unbreathing
a: Bend Time, Temporal Distortion, Slouch, Renounce Religion


You were on level 11 of the Dungeon.
You worshipped Cheibriados.
Cheibriados was greatly pleased with you.
You were not hungry.

You visited 1 branch of the dungeon, and saw 9 of its levels.

You collected 237 gold pieces.
You spent 95 gold pieces at shops.

Inventory:

Hand Weapons
 m - a +0 morningstar of protection (weapon)
 q - a +0 blowgun
Missiles
 a - 4 throwing nets (quivered)
Armour
 c - the +5 ring mail of Keax (worn) {*Contam rPois SInv}
   (You found it on level 8 of the Dungeon)

   It protects you from poison.
   It lets you see invisible.
   It causes magical contamination when unequipped.
 f - a +2 pair of gloves (worn)
 t - a +0 pair of boots (worn)
Jewellery
 j - an uncursed ring of flight
 n - a +3 ring of strength (right hand)
 o - a ring of protection from magic (left hand)
Scrolls
 e - 2 scrolls of teleportation
 g - a scroll of immolation
 i - a scroll of random uselessness
 k - 3 scrolls of enchant armour
 p - a scroll of noise
 s - 2 scrolls of recharging {unknown}
Books
 b - a Young Poisoner's Handbook

   Spells                             Type                      Level
   a - Sting                          Conjuration/Poison           1
   b - Cure Poison                    Poison                       2
   c - Mephitic Cloud                 Conjuration/Poison/Air       3
   d - Olgreb's Toxic Radiance        Poison                       4
   e - Venom Bolt                     Conjuration/Poison           5
 h - a book of Hinderance

   Spells                             Type                      Level
   a - Confusing Touch                Hexes                        2
   b - Confuse                        Hexes                        3
   c - Gell's Gravitas                Hexes/Translocation          3
   d - Petrify                        Transmutation/Earth          4
   e - Metabolic Englaciation         Hexes/Ice                    5
   f - Yara's Violent Unravelling     Hexes/Transmutation          5
 r - a book of Beasts

   Spells                             Type                      Level
   a - Summon Butterflies             Summoning                    1
   b - Call Canine Familiar           Summoning                    3
   c - Summon Ice Beast               Ice/Summoning                4
   d - Summon Mana Viper              Hexes/Summoning              5
   e - Summon Hydra                   Summoning                    7


   Skills:
 + Level 3.7 Fighting
 * Level 4.5 Maces & Flails
 + Level 3.2 Armour
 + Level 3.5 Dodging
 - Level 1.5 Stealth
 - Level 2.0 Spellcasting
 - Level 2.6 Conjurations
 - Level 2.4 Air Magic
 - Level 3.7 Poison Magic
 + Level 4.0 Invocations


You had 7 spell levels left.
You knew the following spells:

 Your Spells              Type           Power        Failure   Level  Hunger
a - Sting                 Conj/Pois      ###.         4%          1    N/A
b - Mephitic Cloud        Conj/Pois/Air  ###.....     17%         3    N/A

Dungeon Overview and Level Annotations

Branches:
Dungeon (8/15)             Temple (0/1) D:4
   Lair: D:8-11

Altars:
Cheibriados
Dithmenos
Fedhas
Makhleb
Ru
Xom
Zin
The Shining One

Shops:
D:4 *}

Annotations:
D:3 Terence
D:6 Ratboiler's ghost, amateur DsAr


Innate Abilities, Weirdness & Mutations

You do not eat or drink.
Your flesh is vulnerable to fire.
You are immune to poison.
Your flesh is cold resistant.
You are immune to negative energy.
You are immune to unholy pain and torment.
You can survive without breathing.


Message History

Read which item? (? for menu, Esc to quit)
Okay, then.
You don't have enough magic at the moment.
Throwing (i - inventory):
a - 4 throwing nets (quivered)
Press: ? - help, Shift-Dir - straight line, f - hill giant
Aim: a hill giant, wielding a giant spiked club (immune to nets)
Okay, then.
The flow of time bends around you.
Cheibriados rebukes the crimson imp.
The crimson imp seems to slow down.
Cheibriados rebukes the unseen horror.
The unseen horror seems to slow down.
Cheibriados rebukes the wyvern skeleton.
The wyvern skeleton seems to slow down.
Cheibriados rebukes the cyclops.
The cyclops seems to slow down.
Cheibriados rebukes the hill giant.
The hill giant seems to slow down.
The unseen horror barely misses you.
The hill giant hits you with a giant spiked club!
You die...

♣ ♣ .♣
.♣♣.♣
♣♣♣...♣
♣♣...♣
♣CCz.♣♣
♣@uZ..♣
♣5.x.♣♣
♣♣..♣.♣
♣♣♣♣♣♣


You could see a green ugly thing, a hill giant, a cyclops, an unseen horror
(invisible), a wight, a crimson imp and a wyvern skeleton.

Vanquished Creatures
  Sigmund (D:5)
  Duvessa (D:7)
  An orc warrior (D:6)
  3 phantoms
  A sky beast (D:5)
  2 centaurs (D:8)
  A giant frog (D:8)
  A jelly (D:6)
  Dowan (D:7)
  2 scorpions
  2 giant frog zombies
  An orc priest (D:4)
  3 hounds
  2 orc wizards
  A centaur skeleton (D:5)
  A giant frog skeleton (D:5)
  Natasha (twice) (D:3)
  2 worker ants
  A killer bee zombie (D:5)
  A hound skeleton (D:5)
  2 hound zombies
  6 gnolls
  3 adders
  2 shadow imps (D:5)
  2 oozes
  An adder skeleton (D:4)
  4 worms
  A dart slug (D:2)
  A giant gecko (D:2)
  18 orcs
  2 ball pythons (D:5)
  5 bats
  5 giant cockroaches
  4 goblins
  6 hobgoblins
  A jackal (D:5)
  2 quokkas
  A giant newt (D:4)
  2 jackal skeletons
  9 kobolds
  38 rats
145 creatures vanquished.

Notes
Turn   | Place    | Note
--------------------------------------------------------------
     0 | D:1      | 4thArraOfDagon the Mummy Venom Mage began the quest for the Orb.
     0 | D:1      | Reached XP level 1. HP: 13/13 MP: 3/3
    83 | D:3      | Noticed an orc wizard
   164 | D:2      | Found a snail-covered altar of Cheibriados.
   178 | D:2      | Became a worshipper of Cheibriados the Contemplative
   186 | D:2      | Reached skill level 1 in Conjurations
   225 | D:2      | Found a glowing golden altar of the Shining One.
   294 | D:1      | Reached XP level 2. HP: 19/19 MP: 5/5
   589 | D:2      | Reached XP level 3. HP: 24/24 MP: 2/6
   603 | D:2      | Reached skill level 1 in Fighting
   609 | D:2      | Learned a level 3 spell: Mephitic Cloud
   648 | D:2      | Reached * piety under Cheibriados
   786 | D:2      | Reached skill level 1 in Air Magic
   948 | D:3      | Reached XP level 4. HP: 22/32 MP: 7/7
  1089 | D:3      | Reached ** piety under Cheibriados
  1138 | D:3      | Noticed Terence
  1188 | D:3      | Noticed Natasha
  1211 | D:4      | Found Figun's Gadget Emporium.
  1264 | D:4      | Found a staircase to the Ecumenical Temple.
  1271 | D:4      | Reached XP level 5. HP: 33/37 MP: 4/8
  1396 | D:4      | Found Weragav's General Store.
  1437 | D:5      | Entered Level 5 of the Dungeon
  1601 | D:3      | Killed Natasha
  1601 | D:3      | Reached skill level 1 in Invocations
  1609 | D:3      | Noticed Natasha
  1622 | D:3      | Killed Natasha
  1725 | D:3      | Reached XP level 6. HP: 41/43 MP: 9/9
  1749 | D:3      | Reached *** piety under Cheibriados
  1876 | D:4      | Bought a +0 morningstar of protection for 95 gold pieces
  2050 | D:5      | Reached **** piety under Cheibriados
  2060 | D:5      | Found a shimmering altar of Xom.
  2099 | D:5      | Reached skill level 1 in Maces & Flails
  2099 | D:5      | Reached skill level 1 in Armour
  2284 | D:5      | Reached XP level 7. HP: 43/48 MP: 10/10
  2447 | D:6      | Noticed Sigmund
  2511 | D:5      | Found a burning altar of Makhleb.
  2511 | D:5      | Found a glowing silver altar of Zin.
  2552 | D:6      | Noticed Ratboiler's ghost (amateur DsAr)
  2578 | D:5      | Killed Sigmund
  2773 | D:6      | Reached XP level 8. HP: 54/57 MP: 9/11
  2840 | D:7      | Found a sacrificial altar of Ru.
  3215 | D:7      | Noticed Duvessa
  3215 | D:7      | Noticed Dowan
  3229 | D:7      | Killed Duvessa
  3240 | D:7      | Killed Dowan
  3316 | D:8      | Found a blossoming altar of Fedhas.
  3385 | D:8      | Got a spiked ring mail
  3409 | D:8      | Identified the +5 ring mail of Keax {*Contam rPois SInv} (You found it on level 8 of the Dungeon)
  3431 | D:8      | Found a shadowy altar of Dithmenos.
  3432 | D:8      | You fall through a shaft for 3 floors!
  3432 | D:11     | Noticed a cyclops
  3432 | D:11     | Noticed a hill giant
  3432 | D:11     | Noticed a green ugly thing
  3432 | D:11     | Noticed an unseen horror
  3436 | D:11     | Mangled by a hill giant

Vault maps used:
D:1:      dpeg_arrival_snail
D:2:      minmay_door_path, nicolae_tso_carved_into_rock, cheibriados_altar_1
D:3:      first_bread, minivault_19, minmay_rats_cheesy_pizza, uniq_natasha,
          uniq_terence
D:4:      minmay_temple_entry_junction, serial_shops, shop, shop,
          kennysheep_generic_room_8
D:5:      lemuel_upstairs_altar, minitemple, grunt_ministairs_11, tgw_xom
D:6:      uniq_sigmund
D:7:      nicolae_ru_sacrificial_ziggurat, uniq_duvessa
D:8:      hangedman_tree_tricks, grunt_dithmenos_smoke, uniq_grum
D:11:     forest_paths

Skill      XL: |  1  2  3  4  5  6  7  8 |
---------------+-------------------------+-----
Conjurations   | 1 2 |  2.6
Fighting       | 1 2 3 |  3.7
Air Magic      | 1 2 |  2.4
Invocations    | 2 3 4 |  4.0
Maces & Flails | 1 3 4 |  4.5
Armour         | 1 2 3 |  3.2
Dodging        | 2 3 |  3.5
Stealth        | |  1.5
Spellcasting   | |  2.0
Poison Magic   | |  3.7

Action                   |  1- 3 |  4- 6 |  7- 9 || total
-------------------------+-------+-------+-------++-------
Melee: Unarmed           |    10 |       |       ||    10
       Hand axe          |    18 |       |       ||    18
       Dagger            |    52 |   153 |       ||   205
       Morningstar       |       |    95 |   177 ||   272
 Cast: Sting             |    38 |    30 |     6 ||    74
       Mephitic Cloud    |       |     3 |     8 ||    11
Invok: Slouch            |       |       |     1 ||     1
       Temporal Distorti |       |       |     2 ||     2
       Bend Time         |       |       |     1 ||     1
  Use: Scroll            |       |     2 |     5 ||     7
 Stab: Sleeping          |     3 |       |     1 ||     4
       Distracted        |     1 |       |       ||     1
       Confused          |       |     2 |     8 ||    10
